 Dungeon Crawl Stone Soup version 0.19-a0-1216-g363869b (webtiles) character file.

72 Duffy the Chiller (level 4, 26/26 HPs)
             Began as a Deep Elf Ice Elementalist on Aug 23, 2016.
             Quit the game on level 2 of the Dungeon.
             The game lasted 00:02:19 (1448 turns).

Duffy the Chiller (Deep Elf Ice Elementalist)       Turns: 1448, Time: 00:02:20

Health: 26/26      AC:  2    Str:  5    XL:     4   Next: 7%
Magic:  9/10       EV: 13    Int: 21    God:
Gold:   75         SH:  0    Dex: 15    Spells: 2 memorised, 5 levels left

rFire  . . .     SeeInvis .     m - +0 dagger (speed)
rCold  . . .     Gourm    .     a - +0 robe
rNeg   . . .     Faith    .     (no shield)
rPois  .         Spirit   .     (no helmet)
rElec  .         Dismiss  .     (no cloak)
rCorr  .         Reflect  .     (no gloves)
MR     .....     Harm     .     (no boots)
Stlth  ++........ Rnd*Tele +    (no amulet)
                                (no ring)
                                o - ring of teleportation (curse)

@: no status effects
A: no striking features
a: no special abilities


You were on level 2 of the Dungeon.
You were not hungry.

You visited 1 branch of the dungeon, and saw 2 of its levels.

You collected 75 gold pieces.

Inventory:

Hand Weapons
 m - a +0 dagger of speed (weapon)
Missiles
 h - 8 curare-tipped needles
Armour
 a - a +0 robe (worn)
Jewellery
 o - a cursed ring of teleportation (left hand)
Scrolls
 e - a scroll of amnesia {unknown}
 f - a scroll of enchant weapon {unknown}
 i - 2 scrolls of identify {unknown}
 j - a scroll of recharging {unknown}
 n - a scroll of teleportation {unknown}
Books
 b - a book of Frost

   Spells                             Type                      Level
   a - Freeze                         Ice                          1
   b - Throw Frost                    Conjuration/Ice              2
   c - Ozocubu's Armour               Charms/Ice                   3
   d - Throw Icicle                   Conjuration/Ice              4
   e - Summon Ice Beast               Ice/Summoning                4
Comestibles
 c - 3 bread rations
 d - 2 slices of pizza
 g - 2 chunks of flesh
 k - a meat ration
 l - a beef jerky


   Skills:
 - Level 2.0 Fighting
 - Level 2.4 Dodging
 - Level 2.4 Stealth
 - Level 3.0 Spellcasting
   Level 1.1 Conjurations
 + Level 4.4 Ice Magic


You had 5 spell levels left.
You knew the following spells:

 Your Spells              Type           Power        Failure   Level  Hunger
a - Freeze                Ice            ###.         1%          1    None
w - Ozocubu's Armour      Chrm/Ice       ##......     21%         3    ###....


Dungeon Overview and Level Annotations

Branches:
Dungeon (2/15)

Altars:


Message History

You feel slightly jumpy.
Oops, that ring feels deathly cold.
o - a cursed ring of teleportation (left hand)
You barely miss the hobgoblin. The hobgoblin barely misses you.
Casting: Freeze
Confirm with . or Enter, or press ? or * to list all spells.
Aiming: Freeze
Press: ? - help, Shift-Dir - straight line, f - hobgoblin
Aim: a hobgoblin You freeze the hobgoblin.
You kill the hobgoblin!
Casting: Freeze
Confirm with . or Enter, or press ? or * to list all spells.
You can't see any susceptible monsters within range! (Use Z to cast anyway.)
Casting: Freeze
Confirm with . or Enter, or press ? or * to list all spells.
You can't see any susceptible monsters within range! (Use Z to cast anyway.)
Casting: Freeze
Confirm with . or Enter, or press ? or * to list all spells.
You can't see any susceptible monsters within range! (Use Z to cast anyway.) Are you sure you want to abandon this character and quit the game? (Confirm with "yes".)

###### ##.....##
##(......# #.......$.
#.........# #.........#
#.........# #@........#
##........# ####
#.........## #...
#..........## #...
#......<..... #...
#.........##.##...
#.........# ......
#########........####....
#......###.....#....#....


There were no monsters in sight!

Vanquished Creatures
  4 adders (D:2)
  2 giant geckos
  5 bats
  2 giant cockroaches
  5 goblins
  4 hobgoblins
  3 jackals (D:2)
  2 kobolds (D:1)
  A ball python (D:1)
  2 giant newts
  5 rats
35 creatures vanquished.

Notes
Turn   | Place    | Note
-------+----------+-------------------------------------------
     0 | D:1      | Duffy the Deep Elf Ice Elementalist began the quest for the Orb.
     0 | D:1      | Reached XP level 1. HP: 10/10 MP: 6/6
   262 | D:1      | Reached XP level 2. HP: 16/16 MP: 6/8
   298 | D:1      | Reached skill level 1 in Fighting
  1073 | D:2      | Reached XP level 3. HP: 20/20 MP: 7/9
  1096 | D:2      | Learned a level 3 spell: Ozocubu's Armour
  1110 | D:2      | Reached skill level 4 in Ice Magic
  1131 | D:2      | HP: 1/31 [poisoned by an adder]
  1392 | D:2      | Reached XP level 4. HP: 26/26 MP: 7/10
  1448 | D:2      | Quit the game

Vault maps used:
D:1:      saegor_arrival_simple_c
D:2:      ashenzari_altar_1, corexii_shack

Skill      XL: |  1  2  3 |
---------------+----------+-----
Fighting       | 1 2 |  2.0
Ice Magic      | 4 |  4.4
Dodging        | |  2.4
Stealth        | |  2.4
Spellcasting   | |  3.0
Conjurations   | |  1.1

Action                   |  1- 3 |  4- 6 || total
-------------------------+-------+-------++-------
Melee: Dagger            |     2 |     1 ||     3
 Cast: Freeze            |    51 |     3 ||    54
  Use: Potion            |     4 |       ||     4
  Eat: Chunk             |     2 |       ||     2
Armor: Robe              |     3 |       ||     3
Dodge: Dodged            |    27 |     1 ||    28
